Map: Triton LE

Players

Special - Winner!

  • Race: Terran Terran
  • League: Master
  • Spawn Location: 5:00

ShoWTimE

  • Race: Protoss Protoss
  • League: Grandmaster
  • Spawn Location: 11:00

Event: HomeStory Cup XX

VOD

Have the link to the VOD?

Description

Time

  • Played on: Nov. 22, 2019, 3:05 p.m.
  • Length: 8:11

All games in this series

Show
View Real Time Build Order
Export as new Build Order

Special Terran - Winner!

Build Orders: Reaper Expand, Banshee Rush 

Get SALT Encoding   

  12  0:00  SCV  
  13  0:12  SCV  
  14  0:17  Supply Depot  
  14  0:24  SCV  
  15  0:39  SCV  
  15  0:40  Barracks  
  16  0:42  Refinery  
  16  0:51  SCV  
  17  1:03  SCV  
  18  1:15  SCV  
  19  1:27  Orbital Command, Reaper  
  20  1:43  Command Center  
  20  1:46  Supply Depot  
  20  1:53  SCV  
  21  1:58  Marine  
  22  2:04  Factory  
  22  2:07  SCV  
  23  2:15  Refinery  
  23  2:17  Bunker  
  23  2:21  Barracks Reactor  
  23  2:23  SCV  
  24  2:35  SCV  
  25  2:47  SCV  
  26  2:51  Starport  
  26  2:53  Widow Mine  
  26  2:57  Orbital Command  
  26  2:58  Marine  
  29  2:59  Marine, SCV  
  31  3:12  SCV  
  32  3:16  Factory Tech Lab  
  32  3:23  Barracks  
  32  3:24  SCV x2  
  32  3:25  Marine x2  
  35  3:36  SCV x2  
  35  3:37  Supply Depot  
  35  3:40  Cloaking Field  
  39  3:41  Banshee  
  39  3:45  Factory Tech Lab  
  39  3:48  SCV x2  
  41  3:53  Marine, Supply Depot  
  41  3:54  Marine  
  44  4:00  SCV  
  45  4:07  SCV  
  45  4:11  Marine  
  45  4:12  Marine, SCV  
  45  4:18  Barracks Tech Lab  
  45  4:19  SCV  
  46  4:24  Banshee, SCV  
  46  4:26  Siege Tank  
  46  4:30  Refinery  
  53  4:31  Marine x2, SCV  
  56  4:38  Marine  
  56  4:41  SCV  
  56  4:43  Combat Shield, SCV  
  56  4:44  Supply Depot  
  59  4:51  Supply Depot  
  59  4:52  Marine  
  59  4:53  Marine, SCV  
  62  5:05  Marine, Siege Tank, SCV x2  
  62  5:07  Supply Depot  
  68  5:10  Marine x2  
  70  5:17  SCV x2  
  70  5:18  Banshee  
  75  5:23  Marine  
  75  5:28  Marine x2  
  76  5:29  SCV x2  
  76  5:30  Supply Depot  
  80  5:37  Siege Tank  
  80  5:41  Marine, SCV x2  
  86  5:52  Marine x2  
  86  5:54  SCV x2  
  90  5:57  Supply Depot  
  90  5:58  Marine  
  91  6:04  Stimpack  
  91  6:05  Command Center  
  91  6:06  SCV x2  
  91  6:09  Marine  
  94  6:17  Engineering Bay x2  
  94  6:18  SCV  
  94  6:19  Marine  
  94  6:20  Marine  
  94  6:24  Supply Depot  
  94  6:27  Starport Reactor  
  94  6:32  SCV  
  95  6:34  Barracks x3  
  95  6:38  SCV  
  96  6:40  Marine x2  
  96  6:44  SCV  
  96  6:51  Refinery  
  96  6:53  Missile Turret  
  96  6:56  Missile Turret  
  96  7:02  Marine x2  
  96  7:03  Siege Tank  
  99  7:10  SCV x2  
  99  7:11  Supply Depot  
  101  7:18  Orbital Command  
  101  7:20  Missile Turret  
  100  7:24  Marine, Barracks Tech Lab  
  100  7:25  Marine x2, Barracks Reactor  
  100  7:26  Marauder  
  105  7:30  Medivac  
  105  7:31  Medivac  
  105  7:32  SCV  
  105  7:35  Siege Tank  
  113  7:39  Supply Depot x2  
  113  7:42  Marine  
  113  7:43  Marine  
  114  7:45  Supply Depot  
  114  7:53  Supply Depot  
  114  7:56  SCV x2  
Show
View Real Time Build Order
Export as new Build Order

ShoWTimE Protoss 

Build Orders: 1 Gate Expand, Oracle Opening 

Get SALT Encoding   

  12  0:00  Probe  
  13  0:12  Probe  
  14  0:17  Pylon  
  14  0:24  Probe  
  15  0:32  Probe  
  15  0:36  Gateway  
  15  0:40  Probe  
  16  0:46  Assimilator  
  17  0:51  Probe  
  18  1:03  Probe  
  19  1:15  Probe  
  20  1:22  Nexus  
  20  1:33  Cybernetics Core  
  20  1:34  Probe  
  21  1:41  Assimilator  
  21  1:46  Probe  
  22  1:49  Pylon  
  22  1:58  Probe  
  22  1:59  Adept  
  23  2:10  Probe  
  26  2:19  Stargate  
  26  2:23  Probe  
  26  2:24  Adept  
  29  2:31  Probe  
  29  2:33  Warp Gate  
  29  2:35  Probe  
  31  2:39  Probe  
  32  2:47  Probe  
  32  2:48  Adept  
  32  2:49  Probe  
  36  2:59  Oracle, Probe  
  36  3:01  Probe  
  36  3:02  Pylon  
  38  3:11  Probe  
  42  3:13  Probe  
  43  3:23  Probe  
  43  3:25  Probe  
  30  3:27  Adept  
  45  3:32  Oracle  
  45  3:33  Gateway  
  45  3:34  Gateway  
  47  3:35  Probe  
  47  3:38  Probe  
  52  3:47  Pylon  
  53  3:48  Probe  
  53  3:50  Probe  
  54  4:12  Nexus  
  54  4:13  Probe x2  
  54  4:16  Pylon  
  54  4:21  Robotics Facility  
  54  4:23  Assimilator  
  54  4:25  Assimilator, Probe x2  
  54  4:28  Phoenix  
  56  4:37  Probe, Twilight Council  
  56  4:38  Probe  
  60  4:44  Shield Battery  
  60  4:45  Pylon  
  60  4:46  Phoenix  
  60  4:49  Probe  
  60  4:50  Probe  
  62  4:55  Charge  
  64  5:02  Probe x2  
  64  5:03  Sentry, Zealot x2  
  72  5:07  Pylon  
  72  5:09  Observer  
  72  5:14  Probe x2  
  75  5:23  Gateway  
  75  5:26  Probe x2  
  77  5:28  Gateway  
  77  5:30  Gateway  
  77  5:32  Probe  
  78  5:38  Probe  
  78  5:39  Robotics Bay  
  78  5:42  Probe  
  79  5:44  Probe  
  79  5:48  Stalker x2  
  83  5:51  Probe  
  83  5:54  Probe  
  83  5:56  Probe  
  84  6:05  Stalker  
  84  6:08  Immortal  
  89  6:16  Zealot x2  
  82  6:20  Zealot  
  81  6:33  Pylon  
  77  6:40  Colossus  
  77  6:44  Probe  
  77  6:45  Pylon, Probe  
  80  6:57  Probe x2  
  80  7:09  Probe x2  
  80  7:10  Zealot x3  
  88  7:23  Probe x2  
  90  7:35  Probe  
  90  7:36  Nexus  
  91  7:37  Probe  
  92  7:47  Probe  
  93  7:56  Probe  
  91  7:59  Pylon  
  91  8:01  Pylon  
  92  8:06  Pylon  
Tags
 
Add a new tag
Caveats
  • Supply blocks, unpowered buildings, or Contaminate may cause inaccurate times.
  • Supply counts are checked every 10 seconds.